cohdb
Replays
Latest Replays
All Replays
Popular Replays
Top Player Replays
Match Explorer
How It Works
Community
CoH3 Stats
Reddit
Sign in to upload your games and track your stats! →
Sign in with Steam
Match 46336143
Unlisted
Match 46336143
Overview
Messages
Build Orders
End
Engineer Squad
Construct Barracks
Riflemen Squad
Selects Heavy Weapons
Riflemen Squad
Riflemen Squad
Infantry Support Center
Grenade Package
Construct Weapon Support Center
M3 Armored Personnel Carrier
Selects Assault Carriers
Selects Exchangeable Parts
Engineer Squad
Selects Assault Carriers
Selects Exchangeable Parts
M1918 Browning Automatic Rifles
Demolitions Package
Munitions Surplus
M3 Assault Carrier
M3 Assault Carrier
Construct Tank Depot
Bazooka Squad
Improved M9 Bazooka Rockets
M4(105) Sherman Bulldozer
M3 Assault Carrier
Bazooka Squad
Selects M26 Pershing Heavy Tank
M26 Pershing Heavy Tank
Bazooka Squad
Riflemen Squad
Riflemen Squad
Engineer Squad
Engineer Squad
Selects M2HB .50cal Heavy Machine Gun
Selects Gallant Stand
Bazooka Squad
Bazooka Squad
Bazooka Squad
Selects Black Dragon Artillery Barrage
Black Dragon Artillery Barrage
M26 Pershing Heavy Tank
Bazooka Squad
Bazooka Squad
M4(105) Sherman Bulldozer
M4(105) Sherman Bulldozer
pagodas
Disconnected
potatoo
Silver G.
drP
Gringo_Killah1
0
0
Comments
sign in to comment!
No comments posted yet!